 Dungeon Crawl Stone Soup version 0.31-a0-700-gf13585253f (webtiles) character file.

Game seed: 2103513311224478491

51 qw the Shooter (level 3, -6/23 HPs)
             Began as a Gargoyle Hunter on Sept 7, 2023.
             Mangled by Sigmund
             ... wielding a +0 scythe
              (9 damage)
             ... on level 2 of the Dungeon.
             The game lasted 00:00:23 (1544 turns).

qw the Shooter (Gargoyle Hunter)                    Turns: 1544, Time: 00:00:23

Health: -6/23      AC:  6    Str: 14    XL:     3   Next: 83%
Magic:  3/3        EV: 11    Int:  9    God:
Gold:   164        SH:  0    Dex: 15    Spells: 2/2 levels left

rFire   . . .        Y - +2 shortbow
rCold   . . .        (shield currently unavailable)
rNeg    + . .        c - +0 leather armour
rPois   inf          (no helmet)
rElec   +            (no cloak)
rCorr   .            (no gloves)
SInv    .            (no boots)
Will    .....        (no amulet)
Stlth   ++           (no ring)
HPRegen 0.23/turn    (no ring)
MPRegen 0.08/turn

%: no passive effects
@: no status effects
A: sickness immunity, AC +3, negative energy resistance 1, electricity
resistance, torment resistance 1, petrification resistance
a: no special abilities


You were on level 2 of the Dungeon.
You visited 1 branch of the dungeon, and saw 2 of its levels.

You collected 164 gold pieces.


Innate Abilities, Weirdness & Mutations

You are immune to sickness and miasma.
Your stone body is resilient. (AC +3)
You are immune to poison.
You resist negative energy. (rN+)
You are resistant to electric shocks. (rElec)
You are resistant to unholy torment.
You are immune to petrification.


   Skills:
 - Level 3.0 Fighting
 + Level 5.0 Ranged Weapons
 - Level 1.5 Dodging
 - Level 1.1 Stealth


You had 2 spell levels left.
You didn't know any spells.
Your spell library was empty.

Inventory:

Hand Weapons
 Y - a +2 shortbow (weapon)
Armour
 c - a +0 leather armour (worn)
Scrolls
 a - a scroll of revelation {unknown}
 b - a scroll of identify {unknown}
 d - a scroll of enchant armour {unknown}
 e - a scroll of poison {unknown}
 g - a scroll of noise {unknown}
Potions
 f - a potion of mutation {unknown}

Dungeon Overview and Level Annotations

Branches:
Dungeon (2/15)

Altars:

Shops:
D:1 [

Annotations:
D:2 Sigmund


Message History

You shoot an arrow. The arrow hits the goblin.
The goblin is severely wounded.
You shoot an arrow. The arrow hits the goblin!
You kill the goblin!
You see here a +0 club.
Found an escape hatch in the floor.
There is an escape hatch in the floor here.
You now have 164 gold pieces (gained 6).
There is a stone staircase leading up here.
There is a stone staircase leading down here.
Sigmund the Dreaded comes into view.
He is wielding a +0 scythe.
Enter note:
Enter note: You shoot an arrow.
The arrow hits Sigmund.
Sigmund is lightly wounded.
You shoot an arrow. The arrow hits Sigmund.
Sigmund is moderately wounded.
Sigmund mumbles some strange words.
Sigmund flickers and vanishes!
Deactivating autopickup; reactivate with Ctrl-A.
You shoot an arrow. You shoot an arrow.
A magic dart appears from out of thin air!
The magic dart hits you.
You shoot an arrow. You shoot an arrow. You shoot an arrow. Something hits you!
You shoot an arrow.
You hear some strange, mumbled words.
A puff of flame appears from out of thin air!
The puff of flame hits you!
You shoot an arrow. Something hits you but does no damage.
You shoot an arrow. You shoot an arrow.
You hear some strange, mumbled words.
A puff of flame appears from out of thin air!
The puff of flame hits you. Something hits you!
You die...

###.##...# #..##
.........# #..##
#.###.#..#####
#..##
.#####....<..###
#####
###............
.##)##.#####..#
#.#.#.## #..# ##
7 ##...##
#..###.+..77
....##
#....@.{...7
.####
#.###.......7 .#
#.# #..+...7. .#
#.# ####


777 .# #.# .# #.############ ## .# #######.##.........# #. .#
##..................########. .# #.###.#>###..(............... There were no
monsters in sight!

Vanquished Creatures
  An adder (D:2)
  A worm (D:2)
  4 ball pythons
  2 bats
  4 endoplasms
  4 giant cockroaches
  5 goblins
  2 hobgoblins
  3 jackals (D:2)
  2 kobolds (D:2)
  A quokka (D:1)
  A frilled lizard (D:2)
  4 rats
34 creatures vanquished.

Notes
Turn   | Place    | Note
-------+----------+-------------------------------------------
     0 | D:1      | qw the Gargoyle Hunter began the quest for the Orb.
     0 | D:1      | Reached XP level 1. HP: 12/12 MP: 1/1
     0 | D:1      | 0 ||| qw: Version: 0.3-a-76-g4403597
     0 | D:1      | 0 ||| qw: Game counter: 709
     0 | D:1      | 0 ||| qw: Melee chars always use a shield: true
     0 | D:1      | 0 ||| qw: God list: Okawaru
     0 | D:1      | 0 ||| qw: Allow faded altars: false
     0 | D:1      | 0 ||| qw: Do Orc after clearing Dungeon:15 true
     0 | D:1      | 0 ||| qw: Do second Lair branch before Depths: true
     0 | D:1      | 0 ||| qw: Lair rune preference: random
     0 | D:1      | 0 ||| qw: Goals: Normal
     0 | D:1      | 0 ||| PLANNING D:1-11
   409 | D:1      | Found Viess's Antique Armour Shoppe.
   413 | D:1      | 413 ||| SHOPLISTING cloak (108 gold, have 20).
   413 | D:1      | 413 ||| SHOPLISTING helmet (108 gold, have 20).
   413 | D:1      | 413 ||| SHOPLISTING pair of shimmering gloves (228 gold,
                  | have 20).
   687 | D:1      | Reached XP level 2. HP: 17/17 MP: 2/2
  1011 | D:1      | 1011 ||| DROPPING amulet of magic regeneration.
  1012 | D:1      | 1012 ||| READING scroll labelled CAUHUNKULAMM.
  1013 | D:1      | 1013 ||| READING scroll labelled LEOCHU CYDDU.
  1014 | D:1      | 1014 ||| READING scroll labelled WUFETOWNIM.
  1015 | D:1      | 1015 ||| DROPPING scroll of butterflies.
  1109 | D:2      | 1109 ||| READING scroll of enchant weapon.
  1109 | D:2      | 1109 ||| ENCHANTING +1 shortbow.
  1149 | D:2      | Reached XP level 3. HP: 21/21 MP: 3/3
  1179 | D:2      | Reached skill level 5 in Ranged Weapons
  1417 | D:2      | Reached skill level 3 in Fighting
  1533 | D:2      | Noticed Sigmund
  1541 | D:2      | HP: 3/23 [something/puff of flame (11)]
  1544 | D:2      | Mangled by Sigmund

Levels and vault maps discovered:
D:1:      eino_arrival_water_star, layout_basic, serial_shops,
          nicolae_shop_back_alley_shop
D:2:      layout_loops_ring, minmay_3d_cube, uniq_crazy_yiuf_cottage,
          uniq_sigmund

Skill      XL: |  1  2  3 |
---------------+----------+-----
Ranged Weapons | 5 |  5.0
Fighting       | 3 |  3.0
Dodging        | |  1.5
Stealth        | |  1.1

Action                     || total
---------------------------++-------
   Fire: Shortbow          ||    81
    Use: Scroll            ||     4
 Armour: Leather armour    ||    12
  Dodge: Dodged            ||     9

Table legend:
 A = Non-vault XP
 B = Vault XP
 C = Vault XP percentage of total XP
 D = Non-vault monster count
 E = Vault monster count
 F = Vault count percentage of total count
                 A         B        C        D         E       F
            +---------+---------+-------+---------+---------+-------
      Total |      69 |       5 |   6.8 |      30 |       4 |  11.8
            +---------+---------+-------+---------+---------+-------
        D:1 |      16 |       0 |   0.0 |       9 |       0 |   0.0
        D:2 |      53 |       5 |   8.6 |      21 |       4 |  16.0
            +---------+---------+-------+---------+---------+-------
